 Dungeon Crawl Stone Soup version 0.18-a0-845-gc59c8fa (webtiles) character file.

77 Bikalo the Chopper (level 4, -3/35 HPs)
             Began as a Demonspawn Berserker on Dec 20, 2015.
             Was a Believer of Trog.
             Killed by nerve-wracking pain
             ... invoked by Grinder
              (9 damage)
             ... on level 3 of the Dungeon.
             The game lasted 00:03:35 (1401 turns).

Bikalo the Chopper (Demonspawn Berserker)           Turns: 1401, Time: 00:03:35

Health: -3/35      AC:  8    Str: 22    XL:     4   Next: 13%
Magic:  0/4        EV:  8    Int:  9    God:    Trog [**....]
Gold:   89         SH:  0    Dex: 13    Spells: 0 memorised, 3 levels left

rFire  . . .     SeeInvis .     a - +0 hand axe
rCold  . . .     Gourm    .     h - +0 chain mail
rNeg   . . .     Faith    .     (no shield)
rPois  .         Spirit   +     (no helmet)
rElec  .         Dismiss  .     (no cloak)
rCorr  +         Reflect  .     (no gloves)
SustAt .         Harm     .     (no boots)
MR     .....                    g - amulet of resist corrosion
Stlth  ..........               (no ring)
                                (no ring)

@: mighty, exhausted, slowed, very slow, not resistant to hostile enchantments,
extremely unstealthy
A: claws 1, magic shield
a: Berserk, Trog's Hand, Burn Spellbooks, Renounce Religion


You were on level 3 of the Dungeon.
You worshipped Trog.
Trog was pleased with you.
You were near starving.

You visited 1 branch of the dungeon, and saw 3 of its levels.

You collected 89 gold pieces.

Inventory:

Hand Weapons
 a - a +0 hand axe (weapon)
Armour
 h - a +0 chain mail (worn)
Jewellery
 g - an amulet of resist corrosion (around neck)
Scrolls
 b - a scroll of magic mapping {unknown}
 d - 2 scrolls of identify {unknown}
 e - 3 scrolls of remove curse {unknown}
Potions
 i - a potion of might
 j - a potion of poison {unknown}
Comestibles
 c - 4 bread rations
 f - 3 meat rations


   Skills:
 + Level 3.2 Fighting
 * Level 4.2 Axes
 + Level 2.0 Armour
 - Level 1.7 Dodging


You had 3 spell levels left.
You didn't know any spells.

Dungeon Overview and Level Annotations

Branches:
Dungeon (3/15)

Altars:
Cheibriados
Dithmenos
Xom

Annotations:
D:3 Grinder


Innate Abilities, Weirdness & Mutations

You have sharp fingernails.
When hurt, damage is shared between your health and your magic reserves.


Message History

Grinder hits you but does no damage. Grinder gestures at you.
Pain shoots through your body!
You slash Grinder!
Grinder is severely wounded.
Grinder barely misses you. Grinder closely misses you. Grinder gestures at you.
You suddenly lose the ability to move!
Grinder gestures at you. Pain shoots through your body!
You can move again.
You barely miss Grinder.
Grinder is severely wounded.
Grinder hits you.
* * * LOW HITPOINT WARNING * * *
You writhe in agony.
* * * LOW HITPOINT WARNING * * *
Grinder gestures at you. Pain shoots through your body!
You die...

##...#.#
..######.#
.........#
...####..# #
#....# #.
#.#.## #..
#.#.#
###.>.##.#.#
.......@.#.#
##....5###.#
#...!. ...
#..... ..
#.....
#.<...
#.....
#.....


You could see Grinder.

Vanquished Creatures
  Terence (D:3)
  An adder (D:2)
  An ooze (D:2)
  A giant gecko (D:1)
  2 ball pythons
  5 bats (D:2)
  A giant cockroach (D:1)
  5 goblins
  7 hobgoblins
  6 kobolds
  A quokka (D:2)
  3 giant newts (D:1)
  4 rats
38 creatures vanquished.

Notes
Turn   | Place    | Note
--------------------------------------------------------------
     0 | D:1      | Bikalo the Demonspawn Berserker began the quest for the Orb.
     0 | D:1      | Reached XP level 1. HP: 18/18 MP: 1/1
   224 | D:1      | Gained mutation: When hurt, damage is shared between your health and your magic reserves. [demonic ancestry]
   224 | D:1      | Reached XP level 2. HP: 16/24 MP: 2/2
   679 | D:2      | Reached XP level 3. HP: 14/29 MP: 0/3
   691 | D:2      | Reached ** piety under Trog
   829 | D:2      | Found a shadowy altar of Dithmenos.
   834 | D:2      | Found a snail-covered altar of Cheibriados.
   842 | D:2      | Found a shimmering altar of Xom.
  1181 | D:2      | Reached skill level 4 in Axes
  1377 | D:3      | Noticed Terence
  1378 | D:3      | Noticed Grinder
  1390 | D:3      | Killed Terence
  1390 | D:3      | Gained mutation: You have sharp fingernails. [demonic ancestry]
  1390 | D:3      | Reached XP level 4. HP: 35/35 MP: 4/4
  1399 | D:3      | Paralysed by Grinder for 2 turns
  1401 | D:3      | Killed from afar by Grinder

Vault maps used:
D:1:      mainiacjoe_arrival_reflecting_pool, kennysheep_boxes
D:2:      minmay_overflow_temple_star_quad, first_bread
D:3:      overflow_temple_1_default, ecumenical_altar_1, uniq_terence,
          uniq_grinder, uniq_natasha

Action                   |  1- 3 |  4- 6 || total
-------------------------+-------+-------++-------
Melee: Hand axe          |   117 |     8 ||   125
Invok: Berserk           |     1 |       ||     1
  Use: Potion            |       |     1 ||     1
 Stab: Sleeping          |     3 |       ||     3
  Eat: Chunk             |     1 |       ||     1
